 Dungeon Crawl Stone Soup version 0.19-a0-353-g6b7ed47 (webtiles) character file.

318450 Delvonshi the Imperceptible (level 22, -2/137 HPs)
             Began as a Kobold Enchanter on May 29, 2016.
             Was the Champion of Dithmenos.
             Shot with a bolt by a yaktaur (7 damage)
             ... led by a vault warden
             ... on level 3 of the Vaults on May 30, 2016.
             The game lasted 05:40:58 (64441 turns).

Delvonshi the Imperceptible (Kobold Enchanter)     Turns: 64441, Time: 05:41:00

Health: -2/137     AC: 17    Str: 10    XL:     22   Next: 40%
Magic:  29/43      EV: 29    Int: 15    God:    Dithmenos [******]
Gold:   624        SH: 13    Dex: 24    Spells: 9 memorised, 8 levels left

rFire  . . .     SeeInvis +     x - +2 short sword (speed)
rCold  + . .     Gourm    .     U - +1 robe {Archmagi}
rNeg   . . .     Faith    .     y - +0 buckler
rPois  .         Spirit   .     v - +0 helmet {SInv}
rElec  .         Dismiss  .     u - +2 cloak {MR+}
rCorr  .         Reflect  +     T - +2 pair of gloves
SustAt .         Harm     .     A - +2 pair of boots {run}
MR     +++..                    E - +5 amulet of reflection
Stlth  ++++++++++               I - ring of Carono {rC+ MP+9 Str+3 Slay+2}
                                G - +4 ring of protection

@: wreathed by umbra, quick, extremely resistant to hostile enchantments,
uncannily stealthy
A: carnivore 3, magic resistance 1
a: Shadow Step, Shadow Form, Renounce Religion
}: 2/15 runes: decaying, serpentine


You were on level 3 of the Vaults.
You worshipped Dithmenos.
Dithmenos was exalted by your worship.
You were completely stuffed.

You visited 7 branches of the dungeon, and saw 37 of its levels.

You collected 2764 gold pieces.
You spent 2140 gold pieces at shops.

Inventory:

Hand Weapons
 m - the +6 rapier "Weonevap" {pierce, *Rage Str+7 Int+2 Dex-2}
   (You found it on level 3 of the Lair of Beasts)

   It inflicts extra damage upon your enemies.
   It affects your strength (+7).
   It affects your intelligence (+2).
   It affects your dexterity (-2).
   It may make you go berserk in combat.
 x - a +2 short sword of speed (weapon)
Armour
 u - a +2 cloak of magic resistance (worn)
 v - a +0 helmet of see invisible (worn)
 y - a +0 buckler (worn)
 A - a +2 pair of boots of running (worn)
 B - a +2 robe of fire resistance
 T - a +2 pair of gloves (worn)
 U - a +1 robe of the Archmagi (worn)
 Z - a +2 robe of positive energy
Jewellery
 q - an uncursed ring of see invisible
 C - an uncursed ring of sustain attributes
 E - a +5 amulet of reflection (around neck)
 G - a +4 ring of protection (left hand)
 H - an uncursed ring of positive energy
 I - the ring of Carono (right hand) {rC+ MP+9 Str+3 Slay+2}
   (You found it on level 6 of the Lair of Beasts)

   [ring of protection from cold]

   It affects your strength (+3).
   It affects your accuracy and damage with ranged weapons and melee attacks
   (+2).
   It protects you from cold.
   It affects your magic capacity (+9).
Wands
 c - a wand of iceblast (7/15)
 z - a wand of enslavement (18/24)
 K - a wand of digging (14/24)
 P - a wand of teleportation (6/9)
 X - a wand of heal wounds (3/9)
 Y - a wand of heal wounds (7/9)
Scrolls
 a - 2 scrolls of vulnerability
 b - 3 scrolls of fog
 k - 6 scrolls of identify
 l - 18 scrolls of remove curse
 n - 5 scrolls of magic mapping
 o - 6 scrolls of recharging
 s - 5 scrolls of teleportation
 N - 4 scrolls of fear
 Q - a scroll of enchant armour
 R - 2 scrolls of amnesia
 S - a scroll of blinking
 W - 3 scrolls of enchant weapon
Potions
 e - 2 potions of cancellation
 g - 2 potions of haste
 i - 5 potions of brilliance
 p - a potion of invisibility
 t - 10 potions of curing
 w - 2 potions of might
 F - 2 potions of agility
 J - 3 potions of berserk rage
 M - 3 potions of resistance
 O - 7 potions of heal wounds
 V - 6 potions of flight
Books
 r - a book of Burglary

   Spells                             Type                      Level
   a - Swiftness                      Charms/Air                   2
   b - Passwall                       Transmutation/Earth          2
   c - Passage of Golubria            Translocation                4
   d - Lee's Rapid Deconstruction     Earth                        5
   e - Darkness                       Hexes                        6
   f - Invisibility                   Hexes                        6
 D - a book of Spatial Translocations

   Spells                             Type                      Level
   a - Apportation                    Translocation                1
   b - Blink                          Translocation                2
   c - Shroud of Golubria             Charms/Translocation         2
   d - Portal Projectile              Translocation                3
   e - Teleport Other                 Translocation                3
   f - Passage of Golubria            Translocation                4
 L - a book of Battle

   Spells                             Type                      Level
   a - Infusion                       Charms                       1
   b - Shroud of Golubria             Charms/Translocation         2
   c - Song of Slaying                Charms                       2
   d - Spectral Weapon                Hexes/Charms                 3
   e - Regeneration                   Charms/Necromancy            3
Comestibles
 d - 18 meat rations
 f - 7 royal jellies
 h - 11 beef jerkies
 j - 5 slices of pizza


   Skills:
 - Level 14.3 Fighting
 - Level 10.5 Short Blades
 - Level 13.3 Dodging
 + Level 22.8 Stealth
 + Level 7.7 Shields
 - Level 8.8 Spellcasting
 - Level 2.4 Conjurations
 - Level 19.2 Hexes
 - Level 6.2 Translocations
 - Level 2.9 Ice Magic
 - Level 11.6 Invocations
 + Level 11.4 Evocations


You had 8 spell levels left.
You knew the following spells:

 Your Spells              Type           Power        Failure   Level  Hunger
a - Corona                Hex            #######      0%          1    None
b - Ensorcelled Hibernat  Hex/Ice        ######       1%          2    None
c - Confuse               Hex            #######.     0%          3    #......
d - Dazzling Spray        Conj/Hex       ######       1%          3    #......
e - Tukima's Dance        Hex            #######.     0%          3    #......
f - Blink                 Tloc           N/A          1%          2    None
g - Invisibility          Hex            #######.     1%          6    ######.
h - Cause Fear            Hex            #######...   1%          4    ###....
i - Darkness              Hex            #######...   1%          6    ######.


Dungeon Overview and Level Annotations

Branches:
Dungeon (15/15)            Temple (1/1) D:7            Lair (8/8) D:8
  Swamp (4/4) Lair:5        Snake (4/4) Lair:6        Slime (0/6) Lair:8
    Orc (2/2) D:11            Elf (0/3) Orc:2        Vaults (3/5) D:13
  Crypt (0/3) Vaults:3     Depths (0/5) D:15

Altars:
Ashenzari
Cheibriados
Dithmenos
Elyvilon
Fedhas
Gozag
Hepliaklqana
Kikubaaqudgha
Makhleb
Nemelex Xobeh
Okawaru
Pakellas
Qazlal
Ru
Sif Muna
Trog
Ukayaw
Vehumet
Xom
Yredelemnul
Zin
The Shining One
Beogh

Shops:
D:6 *   D:8 (   D:12 *   D:15 *   Orc:2 ?%?[   Snake:1 *   Snake:3 :

Annotations:
D:8 Gastronok
Lair:8 exclusion: 2 oklob plants
Snake:3 Mara, Vashnia
Vaults:3 Nikola, Norris


Innate Abilities, Weirdness & Mutations

You are small and have problems with some larger weapons.
You are carnivorous and can eat meat at any time.
You are resistant to hostile enchantments. (MR+)


Message History

Confirm with . or Enter, or press ? or * to list all spells.
You don't know that spell.
Evoke which item? (* to show all) (? for menu, Esc to quit)
Zapping:
X - a wand of heal wounds (4/9)
Press: ? - help, Shift-Dir - straight line, f - you, p - vault warden You feel much better.
This wand has 3 charges left.
The yaktaur shoots a bolt.
The bolt hits you!
The yaktaur unwields an uncursed arbalest.
You block the yaktaur's attack.
The vault warden hits you with a great sword!!
* * * LOW HITPOINT WARNING * * *
Unknown command.
Casting: Dazzling Spray
Confirm with . or Enter, or press ? or * to list all spells.
You feel a surge of power!
You blink.
The yaktaur shoots a bolt.
The bolt hits you!!
* * * LOW HITPOINT WARNING * * *
The yaktaur wields an uncursed arbalest.
The yaktaur shoots a bolt.
The bolt hits you!
You die...

#......................#
#.......................
#........................
#.........................
#.........................
.........................#
#####............
#.###+#####. #.#.@(..(.#
#.#..(....# #.#....(..#
#.#(.c.c..# #.#.c(.((.#
######## ##.#...pc..#
........ #..#...c...# .##
#..#.(.....# ..##
#..#.......# #####


You could see a vault warden and 5 yaktaurs.

Vanquished Creatures
  Boris (Vaults:2)
  the Lernaean hydra (Swamp:4)
  Rupert (Lair:5)
  A thorn hunter (Swamp:4)
  10 greater nagas
  A tengu reaver (Vaults:3)
  Donald (Snake:2)
  Aizul (Snake:2)
  A frost giant (Vaults:3)
  4 vault wardens
  11 ironheart preservers
  4 stone giants
  Nessos (Lair:5)
  2 deep elf annihilators (Vaults:2)
  4 vault guards
  2 ettins
  Josephine (D:10)
  A fire dragon (Vaults:2)
  2 yaktaur captains (Vaults:3)
  Snorg (D:11)
  2 great orbs of eyes
  An ice dragon (Vaults:3)
  26 hydras
  26 naga warriors
  18 anacondas
  A catoblepas (D:13)
  13 ogre magi
  Erica (D:8)
  9 alligators
  2 death yaks (Lair:8)
  7 centaur warriors
  A death knight (Vaults:3)
  3 deep troll shamans
  3 deep troll earth magi
  An orc high priest (Orc:1)
  13 shock serpents
  A tengu warrior (D:12)
  11 naga sharpshooters
  Sonja (D:11)
  A soul eater (Vaults:3)
  5 deep elf knights
  A fire crab (Vaults:1)
  6 salamander mystics
  A shadow wraith (Vaults:3)
  An unseen horror (shapeshifter) (D:15)
  6 unseen horrors
  A giant orange brain (Vaults:1)
  18 naga ritualists
  2 spriggan druids
  A flayed ghost (Vaults:3)
  3 wizards
  9 swamp dragons
  2 deep trolls (Vaults:2)
  12 deep elf archers
  12 hill giants
  Pikel (D:6)
  5 ironbrand convokers
  A wolf spider zombie (D:15)
  10 orc knights
  2 shambling mangroves
  2 phantasmal warriors (Vaults:3)
  4 harpies (Vaults:2)
  3 orc sorcerers
  A lindwurm (Lair:8)
  13 mana vipers
  6 griffons
  3 necromancers
  2 manticores (D:14)
  A stone giant zombie (Vaults:3)
  3 hornets
  An oklob plant (Lair:8)
  3 wolf spiders
  A faun (shapeshifter) (Vaults:3)
  29 salamanders
  9 cyclopes
  20 deep elf magi
  24 ugly things
  A centaur zombie (D:13)
  31 naga magi
  Maurice (D:8)
  A black mamba (shapeshifter) (Vaults:1)
  20 guardian serpents
  41 black mambas
  6 vault sentinels
  Joseph (D:8)
  16 elephants
  23 spiny frogs
  4 gargoyles
  The ghost of gressup the Conjurer, a novice DgFE (D:5)
  3 rime drakes (Lair:8)
  A spiny frog (shapeshifter) (D:13)
  5 human zombies
  4 kobold demonologists
  4 freezing wraiths
  An efreet (D:15)
  A human skeleton (Vaults:2)
  9 komodo dragons
  11 yaktaurs
  A troll (shapeshifter) (D:13)
  9 trolls
  6 giant leeches
  A polar bear (Lair:7)
  A wind drake (shapeshifter) (D:13)
  27 two-headed ogres
  A harpy skeleton (D:13)
  23 blink frogs
  5 bog bodies
  3 boulder beetles
  A stone giant simulacrum (Vaults:3)
  36 slime creatures
  3 shadows
  6 wyverns
  Sigmund (D:5)
  3 spriggans
  45 yaks
  7 wraiths
  A tarantella (shapeshifter) (D:15)
  Eustachio (D:6)
  4 basilisks
  A hog (shapeshifter) (Vaults:1)
  A human (shapeshifter) (Vaults:2)
  Grum (D:9)
  9 hippogriffs
  A yaktaur simulacrum (Vaults:2)
  7 hungry ghosts
  20 vampire mosquitoes
  12 insubstantial wisps
  4 mottled dragons
  8 wargs
  Menkaure (D:4)
  10 swamp worms
  A naga (shapeshifter) (Vaults:2)
  74 nagas
  10 water moccasins
  A soldier ant (D:15)
  13 porcupines
  An eye of draining (D:15)
  18 swamp drakes
  2 eyes of draining (shapeshifter)
  3 ice beasts
  7 sky beasts
  2 slaves
  3 wasps
  47 orc warriors
  2 phantoms
  37 ogres
  9 boggarts
  A boggart (shapeshifter) (Vaults:2)
  15 wolves
  An elf zombie (Vaults:3)
  7 centaurs
  24 crocodiles
  Blork the orc (D:6)
  5 big kobolds
  A giant frog (shapeshifter) (Vaults:1)
  25 giant frogs
  A wyvern skeleton (D:13)
  6 scorpions
  7 killer bees
  4 wights
  6 howler monkeys
  A quasit (D:9)
  3 crimson imps
  A giant frog zombie (D:12)
  8 hounds
  2 jellies
  Crazy Yiuf (D:3)
  17 orc priests
  3 giant frog skeletons
  5 centaur skeletons
  A gnoll shaman (D:7)
  24 orc wizards
  9 iguanas
  8 worker ants
  19 sheep
  A hound skeleton (D:7)
  A howler monkey skeleton (D:9)
  7 gnolls
  18 adders
  52 river rats
  5 shadow imps
  An ooze (D:3)
  3 adder zombies
  2 adder skeletons
  3 worms
  3 dart slugs
  6 giant geckos
  100 orcs
  5 ball pythons
  13 bats
  7 giant cockroaches
  5 goblins
  8 hobgoblins
  4 jackals (D:5)
  25 kobolds
  9 quokkas
  A giant gecko skeleton (D:5)
  5 giant newts
  A jackal skeleton (D:4)
  5 rats
1587 creatures vanquished.

Vanquished Creatures (collateral kills)
  An ironheart preserver (Vaults:1)
  Urug (D:11)
  A naga ritualist (Snake:4)
  2 nagas (Snake:4)
  3 wights (D:9)
8 creatures vanquished.

Vanquished Creatures (others)
  2 deep elf archers
  A human zombie (Vaults:3)
  A yaktaur (Vaults:2)
  5 dancing weapons
  2 ogres (Vaults:1)
  A giant frog skeleton (D:7)
  2 orcs
  3 briar patches (Swamp:3)
  18 fungi
  3 plants
38 creatures vanquished.

Grand Total: 1633 creatures vanquished

Notes
Turn   | Place    | Note
--------------------------------------------------------------
     0 | D:1      | Delvonshi the Kobold Enchanter began the quest for the Orb.
     0 | D:1      | Reached XP level 1. HP: 10/10 MP: 3/3
   240 | D:1      | Reached XP level 2. HP: 13/15 MP: 5/5
   743 | D:1      | Reached XP level 3. HP: 19/19 MP: 6/6
   908 | D:1      | Learned a level 2 spell: Ensorcelled Hibernation
  1684 | D:2      | Reached XP level 4. HP: 24/24 MP: 2/7
  2092 | D:2      | HP: 1/24 [gnoll/whip (6)]
  3070 | D:3      | Reached XP level 5. HP: 28/28 MP: 3/8
  3504 | D:3      | Reached skill level 5 in Short Blades
  3584 | D:3      | Found a faded altar to an unknown god.
  3637 | D:3      | Noticed Crazy Yiuf
  3643 | D:3      | Killed Crazy Yiuf
  3978 | D:4      | Reached XP level 6. HP: 33/33 MP: 9/9
  4030 | D:4      | Found a glowing golden altar of the Shining One.
  4454 | D:4      | Noticed Menkaure
  4612 | D:3      | Learned a level 3 spell: Confuse
  4616 | D:3      | Learned a level 3 spell: Dazzling Spray
  4859 | D:3      | Reached skill level 1 in Fighting
  4979 | D:5      | Entered Level 5 of the Dungeon
  4996 | D:5      | Noticed Sigmund
  5003 | D:5      | Killed Sigmund
  5003 | D:5      | Reached skill level 5 in Hexes
  5003 | D:5      | Reached skill level 1 in Ice Magic
  5003 | D:5      | Reached XP level 7. HP: 40/40 MP: 6/10
  5635 | D:5      | Noticed gressup's ghost (novice DgFE)
  5989 | D:5      | Found an opulent altar of Gozag.
  6637 | D:6      | Reached XP level 8. HP: 46/46 MP: 11/11
  6831 | D:4      | Killed Menkaure
  7029 | D:5      | Found a shadowy altar of Dithmenos.
  7032 | D:5      | Found a sparkling altar of Nemelex Xobeh.
  7036 | D:5      | Found an ancient bone altar of Kikubaaqudgha.
  7188 | D:6      | Found a shimmering altar of Xom.
  7204 | D:6      | Noticed Pikel
  7383 | D:6      | Noticed Blork the orc
  7391 | D:6      | Killed Blork the orc
  7435 | D:6      | Found a basalt altar of Yredelemnul.
  7438 | D:6      | Found a radiant altar of Vehumet.
  7486 | D:6      | Noticed Eustachio
  7764 | D:7      | Learned a level 3 spell: Tukima's Dance
  7965 | D:7      | Found a staircase to the Ecumenical Temple.
  7974 | D:7      | Noticed a two-headed ogre
  8007 | Temple   | Entered the Ecumenical Temple
  8399 | D:5      | Became a worshipper of Dithmenos the Shadowed
  8757 | D:6      | Reached skill level 5 in Stealth
  8757 | D:6      | Reached skill level 1 in Conjurations
  8788 | D:6      | Found a shimmering altar of Xom.
  8789 | D:6      | Found a shimmering altar of Xom.
  8867 | D:6      | Found Niom Ibb's Assorted Antiques.
  8878 | D:6      | Bought a potion of heal wounds for 140 gold pieces
  8987 | D:6      | Reached XP level 9. HP: 52/52 MP: 8/13
  8999 | D:6      | Killed Eustachio
  8999 | D:6      | Reached skill level 6 in Stealth
  9170 | D:6      | Reached skill level 7 in Stealth
 10034 | D:7      | Killed a two-headed ogre
 10034 | D:7      | Reached skill level 8 in Stealth
 10149 | D:7      | Reached * piety under Dithmenos
 10285 | D:7      | Found a stormy altar of Qazlal.
 10648 | D:8      | Noticed a two-headed ogre
 10649 | D:8      | Noticed Gastronok
 10661 | D:8      | Killed a two-headed ogre
 10661 | D:8      | Reached skill level 9 in Stealth
 10848 | D:8      | Found Cohoiq's Antique Weapon Emporium.
 10941 | D:8      | Found an oddly glowing altar of Pakellas.
 11018 | D:8      | Noticed Erica
 11147 | D:8      | Reached XP level 10. HP: 58/58 MP: 9/14
 11191 | D:8      | Found a staircase to the Lair.
 11214 | D:8      | Noticed Joseph
 11252 | D:8      | Killed Joseph
 11252 | D:8      | Reached skill level 5 in Dodging
 11252 | D:8      | Reached skill level 10 in Stealth
 11380 | D:8      | Noticed a wolf spider
 11399 | D:8      | Killed a wolf spider
 11697 | D:8      | Reached skill level 11 in Stealth
 12074 | Lair:1   | Entered Level 1 of the Lair of Beasts
 12075 | Lair:1   | Noticed a black mamba
 12083 | Lair:1   | Killed a black mamba
 12587 | D:6      | Killed Pikel
 12691 | D:9      | Reached skill level 12 in Stealth
 12736 | D:9      | Noticed a gargoyle
 12755 | D:9      | Killed a gargoyle
 13147 | D:9      | Found an iron altar of Okawaru.
 13155 | D:9      | Noticed Grum
 13163 | D:9      | Reached XP level 11. HP: 62/62 MP: 10/15
 13244 | D:9      | Killed Grum
 13436 | D:9      | Reached skill level 13 in Stealth
 13698 | D:9      | Reached ** piety under Dithmenos
 13904 | D:10     | Entered Level 10 of the Dungeon
 13960 | D:10     | Noticed Josephine
 14273 | Lair:1   | Reached skill level 10 in Hexes
 14918 | Lair:1   | Reached skill level 14 in Stealth
 14942 | Lair:1   | Noticed a four-headed hydra
 14976 | D:8      | Noticed Maurice
 14979 | D:8      | Killed Maurice
 15380 | D:10     | Killed Josephine
 16403 | D:11     | Noticed a purple ugly thing
 16437 | D:10     | Reached XP level 12. HP: 67/67 MP: 3/16
 16754 | D:8      | Killed Erica
 17010 | D:8      | Learned a level 2 spell: Blink
 17091 | Lair:1   | Reached skill level 1 in Translocations
 17135 | Lair:1   | Reached *** piety under Dithmenos
 17799 | Lair:2   | Reached skill level 5 in Translocations
 18446 | Lair:2   | Reached skill level 5 in Fighting
 18510 | Lair:2   | Noticed a five-headed hydra
 18541 | Lair:2   | Killed a five-headed hydra
 19062 | Lair:2   | Noticed an ice dragon
 19129 | Lair:3   | Noticed a seven-headed hydra
 19134 | Lair:3   | Killed a seven-headed hydra
 19144 | Lair:3   | Got a transparent rapier
 19145 | Lair:3   | Identified the +6 rapier "Weonevap" {pierce, *Rage Str+7 Int+2 Dex-2} (You found it on level 3 of the Lair of Beasts)
 19171 | Lair:3   | Identified a +2 pair of boots of running (You found it on level 3 of the Lair of Beasts)
 19404 | Lair:3   | Reached XP level 13. HP: 74/74 MP: 19/19
 19445 | Lair:3   | Noticed an eight-headed hydra
 19451 | Lair:3   | Killed an eight-headed hydra
 19883 | Lair:4   | Reached skill level 5 in Spellcasting
 20514 | Lair:4   | Reached **** piety under Dithmenos
 21598 | Lair:5   | Reached skill level 1 in Shields
 21676 | Lair:5   | Noticed a four-headed hydra
 21677 | Lair:5   | Found a staircase to the Swamp.
 21697 | Lair:5   | Killed a four-headed hydra
 21697 | Lair:5   | Reached skill level 15 in Stealth
 22278 | Lair:5   | Noticed Rupert
 22738 | Lair:5   | Noticed Nessos
 22742 | Lair:5   | Killed Nessos
 23155 | Lair:6   | Noticed a four-headed hydra
 23160 | Lair:6   | Killed a four-headed hydra
 23186 | Lair:6   | Got a pitted silver ring
 23189 | Lair:6   | Identified the ring of Carono {rC+ MP+9 Str+3 Slay+2} (You found it on level 6 of the Lair of Beasts)
 23408 | Lair:6   | Reached XP level 14. HP: 84/84 MP: 23/23
 23609 | Lair:6   | Found a staircase to the Snake Pit.
 23913 | Lair:6   | Reached skill level 16 in Stealth
 24486 | Lair:7   | Reached ***** piety under Dithmenos
 25278 | Lair:8   | Entered Level 8 of the Lair of Beasts
 25957 | Lair:8   | Got a warped scimitar
 25958 | Lair:8   | Identified the +6 scimitar of the Weasel {flame, rC+ rN+ Dex-3 SInv} (You found it on level 8 of the Lair of Beasts)
 26029 | Lair:8   | Reached skill level 5 in Shields
 26376 | Lair:8   | Reached skill level 17 in Stealth
 26683 | Lair:8   | Got a colourful robe
 26694 | Lair:8   | Identified the cursed -5 robe of Misfortune {-Cast *Contam *Tele EV-4 Str-2 Int-2 Dex-2 Stlth-- *Curse} (You found it on level 8 of the Lair of Beasts)
 26752 | Lair:8   | Gained mutation: You are resistant to hostile enchantments. (MR+) [mutagenic glow]
 26851 | Lair:8   | Found a staircase to the Slime Pits.
 27825 | D:5      | Killed gressup's ghost
 28005 | D:11     | Reached XP level 15. HP: 88/88 MP: 24/24
 28100 | D:11     | Noticed Snorg
 28153 | D:11     | Killed Snorg
 28214 | D:11     | Noticed Urug
 28225 | D:11     | Killed Urug
 28279 | D:11     | Noticed Sonja
 28283 | D:11     | Killed Sonja
 28749 | D:11     | Found a staircase to the Orcish Mines.
 29122 | Orc:1    | Entered Level 1 of the Orcish Mines
 29357 | Orc:2    | Entered Level 2 of the Orcish Mines
 29459 | Orc:2    | Found Bekurr's Armour Emporium.
 29477 | Orc:2    | Found Lekhlecs's Magic Scroll Boutique.
 29624 | Orc:2    | Reached skill level 18 in Stealth
 29763 | Orc:2    | Found a roughly hewn altar of Beogh.
 29781 | Orc:2    | Reached skill level 10 in Short Blades
 29826 | Orc:2    | Found Xedghisk's Magic Scroll Boutique.
 29961 | Orc:2    | Bought a scroll of blinking for 105 gold pieces
 29966 | Orc:2    | Found Keosing's Food Emporium.
 30006 | Orc:2    | Reached ****** piety under Dithmenos
 30125 | Orc:2    | Found a staircase to the Elven Halls.
 30757 | Orc:2    | Bought a scroll of acquirement for 728 gold pieces
 31119 | Orc:1    | Reached skill level 1 in Invocations
 32216 | D:12     | Found Zymar's Assorted Antiques.
 33123 | D:13     | Reached skill level 5 in Invocations
 33738 | D:13     | Reached XP level 16. HP: 93/93 MP: 25/25
 33805 | D:13     | Found a gate to the Vaults.
 34173 | D:14     | Found a shadowy altar of Dithmenos.
 34429 | D:15     | Entered Level 15 of the Dungeon
 34515 | D:15     | Found Cuena's General Store.
 35633 | D:15     | Reached skill level 10 in Invocations
 35995 | D:15     | Reached skill level 10 in Dodging
 36311 | D:15     | Found a staircase to the Depths.
 36649 | Orc:2    | Bought a +1 leather armour of poison resistance for 143 gold pieces
 36903 | Swamp:1  | Entered Level 1 of the Swamp
 37791 | Swamp:2  | Reached skill level 1 in Evocations
 38663 | Swamp:3  | Reached XP level 17. HP: 97/97 MP: 26/26
 38689 | Swamp:2  | Reached skill level 5 in Evocations
 39009 | Swamp:3  | Noticed a thorn hunter
 39445 | Swamp:4  | Entered Level 4 of the Swamp
 39504 | Swamp:4  | Noticed a thorn hunter
 39507 | Swamp:4  | Killed a thorn hunter
 40378 | Swamp:4  | Reached skill level 15 in Hexes
 40477 | Swamp:4  | Noticed the 27-headed Lernaean hydra
 41106 | Lair:5   | Killed Rupert
 41274 | Snake:1  | Entered Level 1 of the Snake Pit
 42263 | Snake:1  | Found Suemmuqa's General Store.
 42271 | Snake:1  | Bought a scroll of amnesia for 49 gold pieces
 42637 | Snake:1  | Reached XP level 18. HP: 103/103 MP: 27/30
 43881 | Snake:2  | Noticed Donald
 44398 | Snake:2  | Noticed Aizul
 44796 | Snake:2  | Killed Donald
 44796 | Snake:2  | Reached skill level 10 in Fighting
 45406 | Snake:2  | Killed Aizul
 46204 | Snake:3  | Found Upniecikog's Book Boutique.
 46284 | Snake:3  | Noticed Vashnia
 46593 | Snake:3  | Noticed Mara
 46765 | Snake:3  | Noticed Delvonshi's illusion
 47448 | Snake:2  | Reached XP level 19. HP: 116/116 MP: 23/31
 47897 | Snake:4  | Entered Level 4 of the Snake Pit
 49507 | Snake:4  | Reached skill level 19 in Stealth
 51197 | Snake:4  | Reached XP level 20. HP: 104/126 MP: 28/32
 53028 | Snake:4  | Got a serpentine rune of Zot
 53087 | Snake:4  | Reached skill level 20 in Stealth
 53467 | Snake:3  | Bought a book of Burglary for 975 gold pieces
 53474 | Snake:3  | Learned a level 6 spell: Invisibility
 53479 | Snake:3  | Learned a level 4 spell: Cause Fear
 53486 | Snake:3  | Learned a level 6 spell: Darkness
 54106 | Swamp:4  | Killed the 27-headed Lernaean hydra
 54287 | Swamp:4  | Got a decaying rune of Zot
 55029 | Vaults:1 | Entered Level 1 of the Vaults
 57313 | Vaults:2 | Reached XP level 21. HP: 132/132 MP: 33/33
 57474 | Vaults:2 | Reached skill level 21 in Stealth
 60394 | Vaults:2 | Reached skill level 22 in Stealth
 60983 | Vaults:3 | Noticed Norris
 60984 | Vaults:3 | Noticed Boris
 61043 | Vaults:2 | Killed Boris
 61043 | Vaults:2 | Reached skill level 10 in Evocations
 61976 | Vaults:3 | Reached XP level 22. HP: 137/137 MP: 34/34
 62586 | Vaults:3 | Found a staircase to the Crypt.
 63481 | Vaults:3 | Noticed Nikola
 64441 | Vaults:3 | HP: 5/137 [yaktaur/bolt[a vault warden] (28)]
 64441 | Vaults:3 | Shot with a bolt by a yaktaur

Vault maps used:
D:1:      dpeg_arrival_pits, grunt_decor_cap
D:2:      first_bread
D:3:      ecumenical_altar_2, uniq_crazy_yiuf_cottage
D:4:      tso_altar, uniq_menkaure
D:5:      minitemple, uniq_sigmund
D:6:      old_forge, xom_redecorated, grunt_temple_overflow_open, serial_shops,
          nicolae_shop_crystal, uniq_eustachio, uniq_pikel, uniq_blork_the_orc
D:7:      grunt_qazlal_clouds, temple_pool_a, grunt_ogre_cave,
          wad_floor_pattern_untrapped
D:8:      grunt_pakellas_mercury, lair_0_dummy, serial_shops, shop_statue,
          kennysheep_just_a_vault, uniq_joseph, uniq_maurice, uniq_gastronok,
          uniq_erica
D:9:      okawaru_trees_2, uniq_grum
D:10:     minmay_klotski, uniq_fannar, uniq_josephine
D:11:     david_orc_4, uniq_sonja, uniq_urug, uniq_snorg
D:12:     serial_shops, nicolae_shop_crystal
D:13:     david_vaults_2, st_stairs_3
D:14:     infiniplex_staircase_hallway_doors, grunt_dithmenos_shadows
D:15:     gammafunk_enter_depths_forms, serial_shops,
          nicolae_shop_temple_entry_statues_fountains
Temple:   circular_temple_12
Lair:1:   serial_bayou_shore_a, grunt_megastairs_2, infiniplex_staircase_pool
Lair:2:   dragon1_lemuel, serial_bayou_shore_b, grunt_megastairs_4,
          infiniplex_staircase_pool_2
Lair:4:   beast_lair_carwin_6
Lair:5:   swamp_mist, lemuel_fruit_tree, uniq_rupert, uniq_nessos
Lair:6:   dummy_snake_entry, grunt_megastairs_1
Lair:8:   hangedman_lair_in_review, minmay_slime_entry_oklob_enclosed
Swamp:1:  nicolae_swamp_very_dense_foliage, swamp_pool2
Swamp:2:  nicolae_swamp_round_clearing
Swamp:3:  cheibrodos_swamp_heart_of_darkness, hangedman_swamp_pad
Swamp:4:  swamp_basic_johnstein
Snake:1:  serial_shops, shop
Snake:2:  uniq_donald, uniq_aizul
Snake:3:  serial_shops, shop, st_stairs_3, uniq_vashnia, uniq_wiglaf, uniq_mara
Snake:4:  grunt_snake_rune_serpentine_throne
Orc:2:    st_orc_town, mines4_lemuel
Vaults:1: v_misc_22, v_alt_pattern_5, vaults_dpeg_cross, ontoclasm_vaults_chip,
          vaults_mumra_hexcomb, grunt_vaults_hallway_short,
          ontoclasm_vaults_gateway
Vaults:2: ontoclasm_vaults_loading_screen, hangedman_vaults_hat,
          nicolae_vaults_network_barrier, nicolae_vaults_ninety_degrees,
          hangedman_vaults_unwind, nicolae_vaults_rhombus_6,
          nicolae_vaults_murderbox, nicolae_vaults_what_the_h,
          nicolae_vaults_little_squares_2, v_misc_5, vaults_room_grid,
          v_misc_16, grunt_vaults_diagonal, ontoclasm_vaults_fault
Vaults:3: minmay_crypt_entry_simple_plaza, vaults_standard_mumra_x,
          ontoclasm_vaults_idyll, nicolae_vaults_angled_halls, v_misc_12,
          hangedman_vaults_capsules, nicolae_vaults_network_periphery,
          vaults_dpeg_hooks, uniq_norris, uniq_boris, uniq_nikola

Skill      XL: |  1  2  3  4  5  6  7  8  9 10 11 12 13 14 15 16 17 18 19 20 21 22 |
---------------+-------------------------------------------------------------------+-----
Short Blades   | 2 3 4 5 8 10 | 10.5
Hexes          | 4 5 6 7 8 9 10 11 12 13 14 15 17 18 19 | 19.2
Fighting       | 2 3 4 6 8 11 13 14 | 14.3
Ice Magic      | 1 2 |  2.9
Spellcasting   | 3 4 6 8 |  8.8
Stealth        | 5 9 12 14 15 17 18 19 20 22 | 22.8
Conjurations   | 1 2 |  2.4
Dodging        | 4 6 7 8 10 11 13 | 13.3
Translocations | 6 |  6.2
Shields        | 3 6 7 |  7.7
Invocations    | 6 11 | 11.6
Evocations     | 4 8 10 11 | 11.4

Action                   |  1- 3 |  4- 6 |  7- 9 | 10-12 | 13-15 | 16-18 | 19-21 | 22-24 || total
-------------------------+-------+-------+-------+-------+-------+-------+-------+-------++-------
Melee: Dagger            |    60 |   132 |   270 |   506 |     5 |       |       |       ||   973
       Short sword       |       |       |       |       |   979 |   780 |  1045 |   210 ||  3014
       Rapier            |       |       |       |       |    14 |   125 |    74 |    52 ||   265
 Cast: Corona            |     8 |     6 |    10 |     6 |    10 |    10 |       |       ||    50
       Ensorcelled Hiber |     4 |    26 |    76 |   135 |   265 |   219 |   269 |    54 ||  1048
       Confuse           |       |     2 |    20 |    47 |    32 |    64 |    94 |    47 ||   306
       Tukima's Dance    |       |       |     3 |     5 |     3 |     4 |    21 |     9 ||    45
       Dazzling Spray    |       |       |       |     1 |    85 |   199 |   230 |    19 ||   534
       Blink             |       |       |       |     1 |    12 |    15 |    13 |     3 ||    44
       Cause Fear        |       |       |       |       |       |       |     2 |       ||     2
       Darkness          |       |       |       |       |       |       |     4 |       ||     4
Invok: Shadow Step       |       |       |       |     1 |     6 |    14 |     3 |     2 ||    26
Evoke: Wand              |       |       |       |     1 |     1 |     3 |     8 |     2 ||    15
  Use: Scroll            |     1 |     1 |     1 |    10 |    24 |     8 |     9 |       ||    54
       Potion            |       |       |       |     3 |       |     1 |     6 |       ||    10
 Stab: Sleeping          |    19 |    24 |    48 |   117 |   291 |   194 |   178 |    36 ||   907
       Distracted        |       |     2 |       |     1 |     3 |     9 |    12 |       ||    27
       Confused          |       |       |     8 |    17 |    17 |    30 |    64 |    20 ||   156
       Invisible         |       |       |       |       |    56 |    84 |   129 |     5 ||   274
  Eat: Chunk             |    11 |     8 |    32 |    38 |    51 |    36 |    54 |    13 ||   243
       Meat ration       |       |       |       |       |       |     1 |       |       ||     1
Armor: Robe              |     9 |    24 |    51 |    42 |    83 |    20 |    37 |     9 ||   275
       Leather armour    |       |       |       |       |       |    78 |    44 |       ||   122
Dodge: Dodged            |    29 |    77 |   165 |   350 |   465 |   509 |   570 |   121 ||  2286
Block: Other             |       |       |    52 |    80 |    76 |       |       |       ||   208
       Reflection        |       |       |       |     2 |     9 |    32 |    71 |    13 ||   127
       Buckler           |       |       |       |       |   183 |   442 |   495 |    94 ||  1214
